 Dungeon Crawl Stone Soup version 0.19.5 (webtiles) character file.

2523 after1king the Cleaver (level 9, -1/70 (71) HPs)
             Began as a Minotaur Berserker on Apr 14, 2017.
             Was an Elder of Trog.
             Shot with an arrow by a centaur (11 damage)
             ... on level 7 of the Dungeon.
             The game lasted 00:27:49 (7769 turns).

after1king the Cleaver (Minotaur Berserker)         Turns: 7769, Time: 00:27:50

HP:   -1/70 (71)    AC:  5    Str: 24    XL:     9   Next: 29%
MP:   8/8           EV: 12    Int:  4    God:    Trog [****..]
Gold: 503           SH:  0    Dex: 14    Spells: 0 memorised, 8 levels left

rFire  . . .     SeeInvis +     K - +0 war axe
rCold  . . .     Gourm    .     o - +0 ring mail
rNeg   . . .     Faith    .     (no shield)
rPois  .         Spirit   .     (helmet restricted)
rElec  .         Reflect  .     (no cloak)
rCorr  .         Harm     .     (no gloves)
MR     .....                    (no boots)
Stlth  +.........               (no amulet)
                                t - ring of see invisible
                                y - +3 ring of dexterity

@: no status effects
A: retaliatory headbutt, horns 2
a: Berserk, Trog's Hand, Brothers in Arms, Burn Spellbooks, Renounce Religion


You were on level 7 of the Dungeon.
You worshipped Trog.
Trog was greatly pleased with you.
You were not hungry.

You visited 2 branches of the dungeon, and saw 8 of its levels.

You collected 503 gold pieces.

Inventory:

Hand Weapons
 a - a +0 hand axe
 e - a +0 club
 K - a +0 war axe (weapon)
Missiles
 G - 4 tomahawks of dispersal (quivered)
Armour
 o - a +0 ring mail (worn)
 q - a +0 chain mail
Jewellery
 t - a ring of see invisible (right hand)
 y - a +3 ring of dexterity (left hand)
 D - an uncursed ring of flight
Wands
 v - a wand of digging (19/24)
 B - a wand of iceblast (3/15)
Scrolls
 i - 6 scrolls of identify
 j - 4 scrolls of remove curse
 k - 2 scrolls of amnesia {unknown}
 l - 4 scrolls of recharging {unknown}
 m - 3 scrolls of blinking {unknown}
 s - 6 scrolls of magic mapping {unknown}
 z - a scroll of enchant armour {unknown}
 A - a scroll of teleportation {unknown}
 E - a scroll of random uselessness {unknown}
 F - 2 scrolls of fear {unknown}
Potions
 b - a potion of brilliance {unknown}
 f - 2 potions of lignification {unknown}
 n - a potion of beneficial mutation {unknown}
 p - a potion of magic {unknown}
 r - 3 potions of degeneration {unknown}
 u - a potion of curing {unknown}
 x - a potion of cancellation {unknown}
 C - 3 potions of haste {unknown}
 H - a potion of flight {unknown}
 J - 2 potions of mutation {unknown}
 L - a potion of resistance {unknown}
Books
 d - a Young Poisoner's Handbook

   Spells                             Type                      Level
   a - Sting                          Conjuration/Poison           1
   b - Mephitic Cloud                 Conjuration/Poison/Air       3
   c - Olgreb's Toxic Radiance        Poison                       4
   d - Alistair's Intoxication        Transmutation/Poison         5
   e - Venom Bolt                     Conjuration/Poison           5
   Trog disapproves of the use of such an item.
 g - a book of Necromancy

   Spells                             Type                      Level
   a - Pain                           Necromancy                   1
   b - Animate Skeleton               Necromancy                   1
   c - Vampiric Draining              Necromancy                   3
   d - Regeneration                   Charms/Necromancy            3
   e - Animate Dead                   Necromancy                   4
   f - Control Undead                 Necromancy                   4
   Trog disapproves of the use of such an item.
Comestibles
 c - 2 bread rations
 h - 2 meat rations
 w - a fruit
 I - 3 chunks of flesh


   Skills:
 - Level 3.9 Fighting
 + Level 14.5 Axes
 - Level 2.4 Armour
 - Level 2.1 Dodging
 - Level 1.0 Stealth


You had 8 spell levels left.
You didn't know any spells.

Dungeon Overview and Level Annotations

Branches:
Dungeon (7/15)             Temple (1/1) D:5

Altars:
Dithmenos
Gozag
Makhleb
Nemelex Xobeh
Okawaru
Ru
Sif Muna
Trog
The Shining One


Innate Abilities, Weirdness & Mutations

You reflexively headbutt those who attack you in melee.
You have a pair of horns on your head.


Message History

The arrow barely misses you.
The centaur shoots an arrow.
The arrow hits you!
The centaur shoots an arrow.
The arrow hits you.
A killer bee comes into view.
You see here 2 arrows.
A killer bee comes into view.
The killer bee buzzes angrily.
The centaur shoots an arrow.
The arrow hits you!
You see here an arrow.
The centaur shoots an arrow.
The arrow hits you.
You see here an arrow.
The centaur shoots an arrow.
The arrow hits you!
You see here an arrow.
The centaur shoots an arrow.
The arrow hits you.
* * * LOW HITPOINT WARNING * * *
You see here an arrow.
The centaur shoots an arrow.
The arrow hits you!
* * * LOW HITPOINT WARNING * * *
The centaur shoots an arrow.
The arrow hits you!
You die...

## #.#..#####....................
.# #.............###.#...#.#.###.
.###.#.###.#####.# #.#...........
...........#####.#####.....#.....
#.##.......<....... +...........
#.##.#####.....#.## #.....####..
.....# #.###.#.# ####..# #..
#..#.# #.# #.#.# ### #..# .
...#.####### #.#@####.#
#.......... #.#.((...#
#.#........ #.#......#
#.......... #.#.....(########
#.#........ #.......((cy..cyy
........... ###.....########y
#.##>...... #.....# #.....#####
#.....# #.....###### #.....#


You could see a centaur.

Vanquished Creatures
  The ghost of Yarinad the Skirmisher, a novice GrFi (D:4)
  Prince Ribbit (D:7)
  Menkaure (D:5)
  2 ice beasts
  An orc warrior (D:6)
  A necrophage (D:6)
  2 ogres (D:7)
  A centaur (D:6)
  A bullfrog (D:7)
  2 scorpions
  3 howler monkeys
  2 bullfrog zombies
  2 crimson imps
  A centaur skeleton (D:5)
  3 orc priests
  A gnoll shaman (D:5)
  A hound (D:5)
  2 jellies (D:6)
  2 bullfrog skeletons
  An iguana (D:4)
  5 worker ants
  6 orc wizards
  A hound zombie (D:5)
  A hound skeleton (D:7)
  5 gnolls (D:5)
  A howler monkey skeleton (D:5)
  9 adders
  3 shadow imps
  An adder zombie (D:5)
  2 adder skeletons
  4 worms
  4 dart slugs
  5 leopard geckos
  21 orcs
  5 bats
  2 giant cockroaches
  10 hobgoblins
  10 jackals
  4 quokkas
  3 ball pythons
  4 frilled lizards
  10 goblins
  5 kobolds
  A leopard gecko skeleton (D:4)
  A quokka skeleton (D:6)
  6 rats
160 creatures vanquished.

Notes
Turn   | Place    | Note
-------+----------+-------------------------------------------
     0 | D:1      | after1king the Minotaur Berserker began the quest for the Orb.
     0 | D:1      | Reached XP level 1. HP: 19/19 MP: 0/0
   169 | D:1      | Reached skill level 4 in Axes
   169 | D:1      | Reached XP level 2. HP: 21/27 MP: 1/1
   809 | D:1      | Reached XP level 3. HP: 28/33 MP: 2/2
   923 | D:2      | Reached ** piety under Trog
   931 | D:2      | Found an opulent altar of Gozag.
   937 | D:2      | Reached skill level 5 in Axes
  1735 | D:2      | Reached XP level 4. HP: 27/40 MP: 3/3
  2122 | D:3      | Reached skill level 6 in Axes
  2126 | D:3      | Reached XP level 5. HP: 41/46 MP: 4/4
  2190 | D:3      | Reached skill level 7 in Axes
  2190 | D:3      | Reached skill level 1 in Stealth
  2206 | D:3      | Found a sacrificial altar of Ru.
  2245 | D:3      | Reached *** piety under Trog
  2321 | D:3      | Reached XP level 6. HP: 52/52 MP: 5/5
  2395 | D:3      | Reached skill level 8 in Axes
  2611 | D:3      | Found a bloodstained altar of Trog.
  3294 | D:4      | Reached skill level 9 in Axes
  3348 | D:4      | Found an iron altar of Okawaru.
  3369 | D:4      | Noticed Yarinad's ghost (novice GrFi)
  3383 | D:4      | Killed Yarinad's ghost
  3383 | D:4      | Reached skill level 10 in Axes
  3383 | D:4      | Reached XP level 7. HP: 58/58 MP: 6/6
  3459 | D:4      | Got a pair of bloodstained gloves
  3467 | D:4      | Identified the +0 pair of gloves "Itati" {+Blink rCorr Slay-6} (You found it on level 4 of the Dungeon)
  3597 | D:4      | Reached **** piety under Trog
  4072 | D:5      | Entered Level 5 of the Dungeon
  4082 | D:5      | Noticed Menkaure
  4092 | D:5      | Killed Menkaure
  4092 | D:5      | Reached skill level 11 in Axes
  4092 | D:5      | Reached XP level 8. HP: 66/66 MP: 7/7
  5044 | D:5      | Reached skill level 12 in Axes
  5282 | D:5      | Found a staircase to the Ecumenical Temple.
  5343 | Temple   | Entered the Ecumenical Temple
  5474 | D:5      | Found a sparkling altar of Nemelex Xobeh.
  6064 | D:6      | Reached skill level 13 in Axes
  6722 | D:6      | Reached XP level 9. HP: 42/70 MP: 8/8
  7444 | D:7      | Reached skill level 14 in Axes
  7711 | D:7      | Noticed Prince Ribbit
  7718 | D:7      | Killed Prince Ribbit
  7769 | D:7      | Shot with an arrow by a centaur

Skill      XL: |  1  2  3  4  5  6  7  8  9 |
---------------+----------------------------+-----
Axes           | 4 5 6 7 10 11 13 14 | 14.5
Stealth        | 1 |  1.0
Fighting       | |  3.9
Armour         | |  2.4
Dodging        | |  2.1

Action                   |  1- 3 |  4- 6 |  7- 9 || total
-------------------------+-------+-------+-------++-------
Melee: Hand axe          |    79 |   164 |   227 ||   470
       Headbutt          |    21 |    33 |    61 ||   115
       War axe           |       |       |    20 ||    20
Invok: Berserk           |       |     2 |     2 ||     4
       Burn Spellbooks   |       |       |     1 ||     1
  Use: Scroll            |       |     2 |       ||     2
 Stab: Paralysed         |       |     2 |       ||     2
  Eat: Chunk             |     1 |     3 |     8 ||    12
       Bread ration      |     1 |       |     1 ||     2
       Beef jerky        |       |       |     3 ||     3
Armor: Animal skin       |    11 |     4 |       ||    15
       Chain mail        |       |    39 |     5 ||    44
       Ring mail         |       |       |    42 ||    42
Dodge: Dodged            |    38 |    61 |    83 ||   182
